 Dungeon Crawl Stone Soup version 0.30-a0-711-gf4ac18a38d (webtiles) character file.

Game seed: 11264406228500699589

1728 tkbsonic5 the Chiller (level 9, -7/56 (65) HPs)
             Began as a Merfolk Ice Elementalist on Jan 22, 2023.
             Was a Believer of Elyvilon.
             Mangled by a wight
             ... wielding a +4 battleaxe
              (11 damage)
             ... on level 6 of the Dungeon.
             The game lasted 00:28:13 (6631 turns).

tkbsonic5 the Chiller (Merfolk Ice Elementalist)    Turns: 6631, Time: 00:28:15

HP:   -7/56 (65)    AC:  3    Str:  8    XL:     9   Next: 5%
MP:   4/16          EV: 13    Int: 19    God:    Elyvilon [**....]
Gold: 261           SH:  4    Dex: 14    Spells: 4/17 levels left

rFire   . . .      SeeInvis .    f - +0 trident
rCold   . . .      Faith    .    b - +0 buckler
rNeg    . . .      Spirit   .    a - +1 robe
rPois   .          Reflect  .    (no helmet)
rElec   .          Harm     .    (no cloak)
rCorr   .          Rampage  .    (no gloves)
Will    .....                    (no boots)
Stlth   ++                       (no amulet)
HPRegen 0.29/turn                (no ring)
MPRegen 0.15/turn                (no ring)

@: hasted, heavily drained, very quick
A: (nimble swimmer 2), mertail
a: Renounce Religion, Purification, Heal Other


You were on level 6 of the Dungeon.
You worshipped Elyvilon.
Elyvilon was pleased with you.
You visited 1 branch of the dungeon, and saw 6 of its levels.

You collected 261 gold pieces.

Inventory:

Hand Weapons
 f - a +0 trident (weapon)
 j - a +2 whip of venom
 r - a +1 dagger of electrocution
Missiles
 s - 13 poisoned darts
Armour
 a - a +1 robe (worn)
 b - a +0 buckler (worn)
 g - a +1 leather armour
 i - a +0 ring mail
 k - a +3 leather armour of cold resistance
Jewellery
 e - a ring of willpower
Potions
 c - a potion of mutation {unknown}
 d - a potion of resistance {unknown}
 l - a potion of degeneration {unknown}
 p - a potion of brilliance
 q - 2 potions of flight


   Skills:
 + Level 4.0 Fighting
 * Level 5.0 Polearms
 - Level 1.7 Throwing
 + Level 4.8 Dodging
 - Level 2.1 Stealth
 + Level 2.1 Shields
 * Level 4.6 Spellcasting
 * Level 1.8 Conjurations
 * Level 2.4 Hexes
 * Level 1.2 Translocations
 * Level 6.3 Ice Magic
 * Level 1.4 Air Magic
 * Level 3.6 Invocations


You had 4 spell levels left.
You knew the following spells:

 Your Spells              Type           Power      Damage    Failure   Level
a - Freeze                Ice            100%       1d10      1%          1
b - Frozen Ramparts       Ice            56%        1d9       3%          3
c - Ozocubu's Armour      Ice            28%        N/A       3%          3
d - Dazzling Flash        Conj/Hex       24%        N/A       22%         3
e - Vhi's Electric Charg  Tloc/Air       18%        N/A       28%         3

Your spell library contained the following spells:

 Spells                   Type           Power      Damage    Failure   Level
 Summon Ice Beast         Ice/Summ       16%        N/A       43%         4
 Iskenderun's Mystic Bla  Conj/Tloc      10%        2d4       65%         4
 Arcjolt                  Conj/Air       5%         1d15      94%         5
 Starburst                Conj/Fire      3%         6d3       100%        6
 Maxwell's Capacitive Co  Air            4%         ∞         100%        8
 Chain Lightning          Conj/Air       5%         3d6       100%        9
 Fire Storm               Conj/Fire      3%         8d1       100%        9
 Shatter                  Erth           2%         3d6*      100%        9


Dungeon Overview and Level Annotations

Branches:
Dungeon (6/15)             Temple (0/1) D:4

Altars:
Elyvilon
Kikubaaqudgha
Trog
Uskayaw
Zin
The Shining One


Innate Abilities, Weirdness & Mutations

((You are very nimble when in or above water. (Stealth+, EV+, Speed+++)))
Your lower body shifts to a powerful aquatic tail in water.


Message History

The wight hits you but does no damage.
The wight resists.
The wall freezes the wight.
The wight hits you but does no damage.
You closely miss the wight.
The wight is moderately damaged.
The wight resists.
The wall freezes the wight.
The wight hits you with a +0 battleaxe!
The wight completely resists.
The wall freezes the wight but does no damage.
The wight hits you with a +4 battleaxe!
The wight resists.
The wall freezes the wight.
The wight barely misses you.
As you read the scroll labelled UNUPIPL PEDIMIMM, it crumbles to dust.
You assume a fearsome visage.
The wight is unaffected. x3
It was a scroll of fear.
The wall freezes the wight but does no damage.
The wight barely misses you.
The wight resists.
The wall freezes the wight.
The wight hits you with a +4 battleaxe!
You feel drained.
The wall freezes the wight but does no damage.
The wight hits you with a +2 scimitar.
You feel drained.
Your icy armour and frozen ramparts will break if you move.
Continue?
The wight attacks as you move away! The wight barely misses you.
Your icy armour cracks and falls away as you move.
The frozen ramparts melt away as you move.
You aren't carrying any scrolls.
Unknown command.
You feel much better. The wight hits you with a +4 battleaxe!
The wight closely misses you.
You feel much better. The wight hits you with a +2 scimitar!
You feel drained. The wight hits you with a +4 battleaxe.
You feel yourself speed up. The wight hits you with a +0 battleaxe!
You feel drained. The wight hits you with a +4 battleaxe!
* * * LOW HITPOINT WARNING * * *
The wight hits you with a +2 scimitar!
* * * LOW HITPOINT WARNING * * *
You hit the wight.
The wight is heavily damaged.
The wight hits you with a +2 scimitar! Elyvilon protects you from harm!
You feel drained. Elyvilon protects you from harm!
The wight hits you with a +4 battleaxe!
You die...

##.##.# ##.##.# ......#
##.##.#
...##.##################
.........)...z..>...!...
#..##.##########.......#
#.....##.......zz.####..
#.........####.#@##
#..##.#...# #.z.# #..
l.....# #....# #.
.#.........#### #
..###.z.##.# .l ...##?
#.. ...(.. #. ...(


You could see 3 wights.

Vanquished Creatures
  Menkaure (D:4)
  Edmund (D:4)
  A black bear (D:6)
  An ogre (D:6)
  A phantom (D:4)
  2 bullfrogs (D:6)
  3 necrophages
  3 scorpions
  A wight (D:6)
  A jelly (D:4)
  A howler monkey (D:4)
  2 orc priests
  4 hounds
  6 iguanas
  2 orc wizards
  Robin (D:3)
  4 adders
  A white imp (D:5)
  2 worms
  4 dart slugs
  12 orcs
  5 ball pythons
  2 bats (D:3)
  6 endoplasms
  7 giant cockroaches
  14 goblins
  10 hobgoblins
  3 jackals (D:4)
  10 kobolds
  A frilled lizard (D:2)
  5 rats
117 creatures vanquished.

Vanquished Creatures (collateral kills)
  A worm (D:2)
1 creature vanquished.

Grand Total: 118 creatures vanquished

Notes
Turn   | Place    | Note
-------+----------+-------------------------------------------
     0 | D:1      | tkbsonic5 the Merfolk Ice Elementalist began the quest for
                  | the Orb.
     0 | D:1      | Reached XP level 1. HP: 13/13 MP: 3/3
   212 | D:1      | Reached XP level 2. HP: 20/20 MP: 1/5
   463 | D:1      | Reached skill level 1 in Fighting
   805 | D:1      | Reached XP level 3. HP: 26/26 MP: 4/6
   809 | D:1      | Learned a level 3 spell: Frozen Ramparts
  1083 | D:2      | Learned a level 3 spell: Ozocubu's Armour
  2006 | D:3      | Reached skill level 1 in Polearms
  2006 | D:3      | Reached XP level 4. HP: 32/32 MP: 0/8
  2702 | D:3      | Found a glowing golden altar of the Shining One.
  2704 | D:3      | Found a white marble altar of Elyvilon.
  2707 | D:3      | Found a glowing silver altar of Zin.
  2714 | D:3      | Became a worshipper of Elyvilon the Healer
  2724 | D:3      | Noticed Robin
  2730 | D:3      | Reached skill level 5 in Ice Magic
  2841 | D:3      | Killed Robin
  3102 | D:3      | Reached XP level 5. HP: 19/38 MP: 5/9
  3175 | D:3      | Found a hide-covered altar of Uskayaw.
  3209 | D:3      | Found a bloodstained altar of Trog.
  3214 | D:3      | Learned a level 3 spell: Dazzling Flash
  3497 | D:4      | Reached XP level 6. HP: 32/44 MP: 0/10
  3657 | D:4      | Reached skill level 1 in Invocations
  3783 | D:4      | Found a staircase to the Ecumenical Temple.
  3879 | D:4      | Reached skill level 1 in Hexes
  3978 | D:4      | Reached * piety under Elyvilon
  4222 | D:4      | Reached XP level 7. HP: 51/51 MP: 8/12
  4222 | D:4      | Noticed Menkaure
  4230 | D:4      | Killed Menkaure
  4231 | D:4      | Reached skill level 1 in Throwing
  4649 | D:4      | Noticed Edmund
  4660 | D:4      | Killed Edmund
  4661 | D:4      | Reached skill level 1 in Conjurations
  4845 | D:4      | Found an ancient bone altar of Kikubaaqudgha.
  4867 | D:5      | Entered Level 5 of the Dungeon
  4905 | D:5      | Learned a level 3 spell: Vhi's Electric Charge
  4984 | D:5      | Reached skill level 1 in Shields
  5227 | D:5      | Reached XP level 8. HP: 58/58 MP: 8/14
  5766 | D:5      | Reached skill level 6 in Ice Magic
  5878 | D:5      | Reached ** piety under Elyvilon
  6181 | D:6      | Reached skill level 1 in Air Magic
  6521 | D:6      | Reached skill level 1 in Translocations
  6612 | D:6      | Reached XP level 9. HP: 65/65 MP: 12/15
  6615 | D:6      | Reached skill level 5 in Polearms
  6631 | D:6      | Elyvilon protects you from harm!
  6631 | D:6      | Elyvilon protects you from harm!
  6631 | D:6      | Mangled by a wight

Illustrated notes

Levels and vault maps discovered:
D:1:      roderic_chinese_lattice_arrival, layout_loops_cross,
          chequers_arboretum
D:2:      layout_basic
D:3:      layout_basic, good_gods_mini_temple, mainiacjoe_overflow_swirl,
          eino_tiny_chamber, uniq_robin
D:4:      minmay_evil_eye, layout_gridville, lemuel_coloured_pillars_altar,
          minmay_temple_entry_sparse_star, uniq_edmund, uniq_menkaure
D:5:      layout_loops_ring
D:6:      layout_basic, minitemple, minmay_joined_circles, uniq_grinder

Skill      XL: |  1  2  3  4  5  6  7  8  9 |
---------------+----------------------------+-----
Fighting       | 1 2 3 4 |  4.0
Dodging        | 3 4 |  4.8
Polearms       | 1 2 3 4 5 |  5.0
Ice Magic      | 5 6 |  6.3
Spellcasting   | 3 4 |  4.6
Invocations    | 1 2 3 |  3.6
Hexes          | 1 2 |  2.4
Throwing       | 1 |  1.7
Conjurations   | 1 |  1.8
Shields        | 1 2 |  2.1
Air Magic      | 1 |  1.4
Translocations | 1 |  1.2
Stealth        | |  2.1

Action                     |  1- 3 |  4- 6 |  7- 9 || total
---------------------------+-------+-------+-------++-------
  Melee: Mace              |    12 |       |       ||    12
         Trident           |    11 |    80 |    77 ||   168
  Throw: Dart              |     2 |    35 |    10 ||    47
   Cast: Freeze            |    44 |    34 |    41 ||   119
         Frozen Ramparts   |     5 |    13 |    23 ||    41
         Ozocubu's Armour  |     2 |    10 |    20 ||    32
 Invoke: Heal Other        |       |       |     3 ||     3
  Evoke: Wand              |       |       |    10 ||    10
    Use: Scroll            |     4 |     2 |     7 ||    13
         Potion            |       |    11 |     4 ||    15
   Stab: Sleeping          |     1 |     1 |       ||     2
         Distracted        |     1 |       |       ||     1
 Armour: Robe              |     2 |       |     7 ||     9
         Leather armour    |     2 |    29 |    19 ||    50
  Dodge: Dodged            |    23 |    74 |    57 ||   154
  Block: Buckler           |       |       |     6 ||     6

Table legend: (Time is in decaauts)
 A = Elapsed time spent in this place.
 B = Non-inter-level travel time spent in this place.
 C = Inter-level travel time spent in this place.
 D = Time resting spent in this place.
 E = Time spent auto-exploring this place.
 F = Levels seen in this place.
 G = Mean time per level.
                   A        B        C        D        E       F      G
               +--------+--------+--------+--------+--------+-----+--------+
         Total |   6662 |   6528 |    134 |    149 |   5218 |   6 | 1110.3 |
       Dungeon |   6662 |   6528 |    134 |    149 |   5218 |   6 | 1110.3 |
               +--------+--------+--------+--------+--------+-----+--------+

Top non-repeatable levels by time:
     D:4: 1625 daAuts
     D:3: 1228 daAuts
     D:5: 1204 daAuts
     D:1: 1078 daAuts
     D:2: 959 daAuts
     D:6: 566 daAuts
